Cogmind - Beta 16.1 @@@ ROGUE MODE // 2026.02.17 @ 01:25:17 Player: ZeroJewelz Result: Destroyed by B-75 Beast with Magnetic Acceleration Cannon Performance ------------- Evolutions (2) 1000 Regions Visited (4) 800 Robots Destroyed (72) 360 Value Destroyed (1855) 1855 Prototype IDs (0) 0 Alien Tech Used (0) 0 Bonus (200) 200 TOTAL SCORE: 4215 Bonus ------- Entered Garrisons 200 Cogmind --------- Core Integrity 0/550 Matter 145/300 Energy 160/160 System Corruption 0% Temperature Cool (12) Movement Treading (160) Location -8/Garrison Parts ------- > --- POWER (1) -------- Light Nuclear Core > --- PROPULSION (3) --- Light Treads > --- UTILITY (5) ------ Advanced Melee Analysis Suite Advanced Melee Analysis Suite Improved Core Shielding Light Armor Plating > --- WEAPON (2) ------- (None) > --- INVENTORY (5) ---- Advanced Melee Analysis Suite Reaction Control System Improved Core Shielding Peak State ------------ > --- POWER ------------ Light Nuclear Core > --- PROPULSION ------- Flight Unit Flight Unit Surge Thruster > --- UTILITY ---------- Improved Heat Sink Advanced Melee Analysis Suite Advanced Melee Analysis Suite Reaction Control System Improved Core Shielding > --- WEAPON ----------- Katana Katana > --- INVENTORY -------- Light Nuclear Core Advanced Melee Analysis Suite Reaction Control System Improved Core Shielding [Rating: 36] Favorites ----------- Power Ion Engine Engine Ion Engine Power Core Light Nuclear Core Propulsion Light Treads Treads Light Treads Leg Aluminum Leg Hover Unit Backup Propulsion I Flight Unit Surge Thruster Utility Salvage Targeting Computer Device Improved Terrain Scanner Storage Medium Storage Unit Processor Salvage Targeting Computer Protection Improved Propulsion Shielding Weapon Assault Rifle Energy Gun Beam Rifle Ballistic Gun Assault Rifle Ballistic Cannon Improved Light Cannon Special Weapon Mining Laser Slashing Weapon Katana Special Melee Weapon Datajack Build | -11 -10 -9 -8 -8 ------- Run | Yrd Mat Mat Mat Gar Slots Evolved 4 | . . 2 2 . Power . | . . . . . Propulsion 1 | . . . 1 . Utility 3 | . . 2 1 . Weapon . | . . . . . Parts Attached 82 | 9 8 24 20 21 Power 10 | 1 1 4 2 2 Engine 7 | 1 1 3 1 1 Core 3 | . . 1 1 1 Reactor . | . . . . . Propulsion 28 | 2 . 8 7 11 Treads 10 | 2 . 3 4 1 Leg 12 | . . 5 3 4 Wheel . | . . . . . Hover . | . . . . . Flight 6 | . . . . 6 Utility 23 | 3 2 5 5 8 Device 6 | 2 . 1 2 1 Storage 4 | 1 . 2 1 . Processor 6 | . 2 . 1 3 Hackware . | . . . . . Protection 7 | . . 2 1 4 Artifact . | . . . . . Weapon 21 | 3 5 7 6 . Energy Gun 7 | 1 . 4 2 . Energy Cannon . | . . . . . Ballistic Gun 8 | 1 3 3 1 . Ballistic Cannon 1 | . 1 . . . Launcher . | . . . . . Special Weapon 1 | 1 . . . . Impact Weapon . | . . . . . Slashing Weapon 3 | . . . 3 . Piercing Weapon . | . . . . . Special Melee Weapon 1 | . 1 . . . Unidentified Prototypes . | . . . . . Parts Lost 33 | . 3 12 6 12 Power 3 | . 1 1 . 1 Propulsion 15 | . 2 4 2 7 Utility 6 | . . 1 3 2 Weapon 9 | . . 6 1 2 Highest Loss Streak 10 | . 2 3 2 10 To Critical Strikes . | . . . . . Average Backups 3 | 1 3 4 4 6 Power . | . . . 2 1 Propulsion . | . . . . 2 Utility 1 | . 1 1 . 1 Weapon 1 | . 1 1 . . Tool/Special . | . . . . . Unused Backups 9 | 1 . 3 . 5 Power 2 | 1 . . . 1 Propulsion 2 | . . 1 . 1 Utility 3 | . . 1 . 2 Weapon 2 | . . 1 . 1 Tool/Special . | . . . . . Average Slot Usage (%) 92 | . 94 91 94 89 Engine 7 | . 12 7 7 . Core 2 | . . 2 1 7 Treads 11 | . 22 4 21 . Leg 8 | . . 13 4 14 Hover 1 | . 1 2 . . Flight 1 | . . . . 8 Device 13 | . 19 11 14 11 Storage 5 | . . 4 12 5 Processor 14 | . 8 18 10 21 Protection 3 | . . 5 4 3 Energy Gun 6 | . . 8 13 . Ballistic Gun 9 | . 20 12 2 . Special Weapon 1 | . 5 . . . Slashing Weapon 3 | . . . 1 16 Peak Build Rating 36 | 9 11 20 24 36 Average Rating 13 | 8 9 16 20 25 On Entrance 11 | . 9 10 15 24 Avg Prop Armor Cover (%) 11 | . . 11 . . Naked Turns . | . . . . . Heaviest Build 87 | 15 12 87 30 22 Greatest Support 75 | 40 40 52 75 39 Greatest Overweight (x) 7 | . 2 7 2 2 Average Overweight (x) . | . . . . . Largest Inventory Capacity 25 | 8 5 25 10 10 Average Capacity 6 | 6 5 7 8 7 Most Carried 10 | 5 5 9 9 10 Average Carried 3 | 1 3 4 4 6 Final Capacity 10 | 5 5 10 10 5 Final Carried 7 | 2 5 6 7 3 Class Distribution -------------------- 73% | Mutant 16% | Scavenger-Mutant 6% | Scavenger-Gladiator Dominant Class ---------------- Mutant | -10/Materials Scavenger-Mutant | -9/Materials Mutant | -8/Materials Scavenger-Gladiator | -8/Garrison Resources | -11 -10 -9 -8 -8 ----------- Run | Yrd Mat Mat Mat Gar Matter Collected 1896 | 300 242 730 475 149 Remotely . | . . . . . Salvage Created 2380 | 95 265 1010 732 278 Parts 157 | 16 16 63 34 28 Haulers Intercepted 1 | . . 1 . . Recyclers Shooed 3 | . 2 1 . . Parts Field Recycled . | . . . . . Retrieved Matter . | . . . . . Parts Self-Destructed . | . . . . . Prevented . | . . . . . Parts Restored . | . . . . . Kills | -11 -10 -9 -8 -8 ------- Run | Yrd Mat Mat Mat Gar Combat Hostiles Destroyed 55 | . 8 21 15 11 Melee 12 | . . . 1 11 Guns 43 | . 8 21 14 . Classes Destroyed 11 | 1 3 6 . 1 Worker 2 | . . 1 1 . Builder 2 | . . 2 . . Tunneler 6 | 6 . . . . Hauler 1 | . . 1 . . Watcher 6 | . 2 4 . . Swarmer 18 | . 3 6 3 6 Cutter 2 | . . . . 2 Grunt 23 | . 5 10 8 . Brawler 1 | . . 1 . . Duelist 3 | . . 1 . 2 Sentry 8 | . . 3 4 1 Best Kill Streak 8 | 1 4 6 8 4 Combat Bots Only 7 | . 3 3 7 4 Max Kills in Single Turn 2 | 1 1 2 1 1 Gunslinging 1 | . . 1 . . Exploded . | . . . . . Melee 1 | . . . 1 1 Uniques/NPCs Destroyed . | . . . . . Combat | -11 -10 -9 -8 -8 -------- Run | Yrd Mat Mat Mat Gar Hostile Shots Fired 496 | . 72 187 111 126 Missed 154 | . 15 60 34 45 Hits 342 | . 57 127 77 81 Melee 19 | . . 4 . 15 Projectile 323 | . 57 123 77 66 AOE 3 | . . 1 . 2 Critical Strikes 12 | . . 1 4 7 Actively Blocked 4 | . . 1 1 2 Damage Taken 4901 | . 670 1788 1114 1329 Core 933 | . 53 329 113 438 Absorbed by Shields . | . . . . . Redirected to Shielding 418 | . . 199 127 92 Core Remaining (%) 65 | 100 78 17 . . Volleys Fired 197 | 9 52 89 47 . Largest 2 | 2 2 2 2 . Hottest 112 | 70 100 90 112 . Shots Fired 374 | 17 97 169 91 . Gun 360 | 17 83 169 91 . Cannon 8 | . 8 . . . Launcher . | . . . . . Special 6 | . 6 . . . Kinetic 221 | 9 91 102 19 . Thermal 122 | 8 6 36 72 . Explosive . | . . . . . Electromagnetic 31 | . . 31 . . Robot Hit Streak 10 | 5 5 10 9 . Robot Miss Streak 4 | 2 4 4 3 . Penetration Max . | . . . . . Secondary Targets 9 | . 1 5 3 . Max Gunslinging Chain 1 | . 1 1 1 . Shots Hit Robots 264 | 11 57 104 67 25 Core Hits 113 | 6 15 51 30 11 Critical Kills 1 | . . 1 . . Critical Parts Destroyed 1 | . . 1 . . Critical Strikes 10 | . . 3 5 2 Burn 6 | . . 1 5 . Destroy 2 | . . 2 . . Sever 2 | . . . . 2 Melee Attacks 44 | . 4 . 4 36 Impact . | . . . . . Slashing 40 | . . . 4 36 Piercing . | . . . . . Sneak Attacks 4 | . 3 . 1 . Combat Hostiles 1 | . . . 1 . Follow-up Attacks 3 | . . . . 3 Damage Inflicted 4432 | 137 845 1605 1098 747 Guns 3301 | 137 726 1501 937 . Cannons 112 | . 112 . . . Explosions 96 | . . 96 . . Melee 908 | . . . 161 747 Ramming 15 | . 7 8 . . Kinetic 2018 | 62 838 918 200 . Thermal 1057 | 75 . 245 737 . Explosive 96 | . . 96 . . Electromagnetic 338 | . . 338 . . Impact . | . . . . . Slashing 908 | . . . 161 747 Piercing . | . . . . . Highest Corruption 2 | . 2 1 . . Average Corruption 1 | . 2 1 . . Corruption Purged . | . . . . . Corruption Blocked . | . . . . . Effects 4 | . 1 3 . . Message Errors 3 | . 1 2 . . Weapon Failures 1 | . . 1 . . Overload Shots . | . . . . . Overflow Damage 71 | . . . . 71 Projectiles . | . . . . . Explosions . | . . . . . Melee 71 | . . . . 71 Knockbacks 5 | . 5 . . . Impact . | . . . . . Kinetic 5 | . 5 . . . Secondary . | . . . . . Self-Inflicted Damage 151 | . . 151 . . Shots 2 | . . 2 . . Rammed 10 | 1 8 1 . . Targets Rammed 12 | 1 8 3 . . Kicked 2 | . . 2 . . Crushed . | . . . . . Highest Temperature 152 | 18 45 152 14 8 Average Temperature 28 | 8 16 37 6 8 Received Heat Transfer 1557 | . 321 513 585 138 Siege Activations . | . . . . . Martial Activations . | . . . . . Shielding Activations . | . . . . . Robots Disrupted . | . . . . . Combat Hostiles . | . . . . . Robots Corrupted . | . . . . . Combat Hostiles . | . . . . . Parts Fried 1 | . . 1 . . Impact Corruptions . | . . . . . Robots Melted . | . . . . . Combat Hostiles . | . . . . . Parts Melted 6 | . . 1 5 . Heat Transferred 3138 | 222 . 659 2257 . Parts Sabotaged . | . . . . . Parts Stolen . | . . . . . Parts Stripped . | . . . . . Power Chain Reactions . | . . . . . Alert | -11 -10 -9 -8 -8 ------- Run | Yrd Mat Mat Mat Gar Maximum Alert Level 1 | . . 1 1 1 Low Security (%) 87 | 100 100 90 79 27 Level 1 12 | . . 9 20 72 Level 2 . | . . . . . Level 3 . | . . . . . Level 4 . | . . . . . Level 5 . | . . . . . High Security . | . . . . . Max Security . | . . . . . Peak Influence 338 | 5 84 254 231 338 Initial 143 | . . 11 96 143 Average 67 | . 31 87 142 236 Influence Increases 1661 | 30 226 669 431 305 Destroy 0b10 Robot/C 1100 | . 160 420 300 220 Destroy 0b10 Robot/NC 85 | 30 10 40 5 . Destroy Leader 234 | . 34 100 90 10 Successful Hack 22 | . 16 . 6 . Disable Machine 60 | . . 45 15 . Destroy Structure 40 | . 6 34 . . Lose Combat Pursuer 120 | . . 30 15 75 Influence Decreases 1333 | 30 197 470 438 198 Entered New Map 228 | . . 18 132 78 Time Decay 795 | 30 167 352 246 . Lost Part 310 | . 30 100 60 120 Squads Dispatched 7 | . 1 2 4 . Investigation 3 | . . 1 2 . Extermination . | . . . . . Reinforcement 2 | . 1 1 . . Assault . | . . . . . Garrison 2 | . . . 2 . Intercept . | . . . . . Searches Triggered . | . . . . . Construction Impeded . | . . . . . Haulers Reinforced . | . . . . . Active Scanning Responses . | . . . . . Cargo Convoy Interrupts . | . . . . . Stealth | -11 -10 -9 -8 -8 --------- Run | Yrd Mat Mat Mat Gar Distress Signals 3 | . 2 1 . . Communications Jammed . | . . . . . Distress Signals . | . . . . . Times Spotted 88 | . 13 35 16 24 Peak Tracking Total 13 | . 5 5 5 13 Tactical Retreats 5 | . . 1 1 3 Traps | -11 -10 -9 -8 -8 ------- Run | Yrd Mat Mat Mat Gar Traps Triggered 5 | . 1 . 1 3 Indirectly . | . . . . . Trap Hack Attempts . | . . . . . Triggered . | . . . . . Disarmed . | . . . . . Reprogrammed . | . . . . . Reused . | . . . . . Traps Extracted . | . . . . . Installed . | . . . . . Triggered . | . . . . . Machines | -11 -10 -9 -8 -8 ---------- Run | Yrd Mat Mat Mat Gar Machines Disabled 5 | . . 4 1 . Max in Single Turn 2 | . . 2 1 . Machines Repaired . | . . . . . Machines Dismantled . | . . . . . Machines Sabotaged . | . . . . . Overloaded Fab Kills . | . . . . . Hacking | -11 -10 -9 -8 -8 --------- Run | Yrd Mat Mat Mat Gar Machines Accessed 5 | . 2 1 2 . Terminals 1 | . . . 1 . Fabricators . | . . . . . Repair Stations 1 | . 1 . . . Recycling Units 1 | . 1 . . . Scanalyzers 1 | . . 1 . . Garrison Access 1 | . . . 1 . Total Hacks 14 | . 6 3 5 . Successful 8 | . 3 3 2 . Failed 6 | . 3 . 3 . Catastrophic 1 | . . . 1 . Database Lockouts . | . . . . . Manual . | . . . . . Terminals 2 | . . . 2 . Fabricators . | . . . . . Repair Stations 3 | . 3 . . . Recycling Units 3 | . 3 . . . Scanalyzers 3 | . . 3 . . Garrison Access 3 | . . . 3 . Terminal Hacks . | . . . . . Fabricator Hacks . | . . . . . Repair Station Hacks 2 | . 2 . . . Scan Component 1 | . 1 . . . Refit 1 | . 1 . . . Recycling Unit Hacks 1 | . 1 . . . Recycle Component 1 | . 1 . . . Scanalyzer 3 | . . 3 . . Insert Component 1 | . . 1 . . Analyze 1 | . . 1 . . Retrieve Study 1 | . . 1 . . Garrison Access Hacks 2 | . . . 2 . Unlock Access 1 | . . . 1 . Coupler Status 1 | . . . 1 . Unauthorized Hacks . | . . . . . Terminals . | . . . . . Fabricators . | . . . . . Repair Stations . | . . . . . Recycling Units . | . . . . . Scanalyzers . | . . . . . Garrison Access . | . . . . . Data Cores Recovered . | . . . . . Used . | . . . . . Hacking Detections 5 | . 2 1 2 . Full Trace Events 2 | . . 1 1 . Feedback Events . | . . . . . Feedback Blocked . | . . . . . Robot Schematics Acquired . | . . . . . Robots Built . | . . . . . Authchips . | . . . . . Time . | . . . . . Total Robot Build Rating . | . . . . . Part Schematics Acquired 1 | . . 1 . . Parts Built . | . . . . . Authchips . | . . . . . Time . | . . . . . Total Part Build Rating . | . . . . . Part Studies Acquired . | . . . . . Parts Repaired . | . . . . . Time . | . . . . . Parts Recycled 1 | . 1 . . . Recycled Matter . | . . . . . Retrieved Matter . | . . . . . Retrieved Components . | . . . . . Parts Scanalyzed 1 | . . 1 . . Part Schematics Acquired 1 | . . 1 . . Parts Damaged . | . . . . . Bothacking | -11 -10 -9 -8 -8 ------------ Run | Yrd Mat Mat Mat Gar Used RIF Installer . | . . . . . Robots Hacked 2 | . 2 . . . Non-combat 1 | . 1 . . . Combat 1 | . 1 . . . Robot Hacks Applied 4 | . 4 . . . parse_system 2 | . 2 . . . no_distress 2 | . 2 . . . Relay Couplers Released . | . . . . . Fabnet Peak Effective % . | . . . . . Robots Rewired . | . . . . . Allies Hacked . | . . . . . Hacks Repelled . | . . . . . Allies | -11 -10 -9 -8 -8 -------- Run | Yrd Mat Mat Mat Gar Total Allies . | . . . . . Largest Group . | . . . . . Highest-Rated Group . | . . . . . Highest-Rated Ally . | . . . . . Total Orders . | . . . . . Ally Attacks . | . . . . . Total Damage . | . . . . . Kills . | . . . . . Allies Corrupted . | . . . . . Allies Melted . | . . . . . Intel | -11 -10 -9 -8 -8 ------- Run | Yrd Mat Mat Mat Gar Active Infowar (turns) 2085 | 1266 401 418 . . Terrain 2082 | 1264 400 418 . . Seismic 1481 | 1080 401 . . . Robot Analysis Total . | . . . . . Derelict Logs Recovered . | . . . . . Drone Launches . | . . . . . Drone Recoveries . | . . . . . Exploration | -11 -10 -9 -8 -8 ------------- Run | Yrd Mat Mat Mat Gar Turns Passed 4097 | 1649 571 900 523 454 Spaces Moved 2133 | 848 260 442 210 373 Core 73 | 15 35 7 . 16 Treads 1248 | 833 179 72 161 3 Legs 452 | . . 282 49 121 Wheels . | . . . . . Hover 127 | . 46 81 . . Flight 233 | . . . . 233 Fastest Speed 24 | 50 76 76 120 24 Average Speed 132 | 158 138 125 152 65 Slowest Speed 636 | 160 160 636 260 160 Overloaded Moves 141 | . . . . 141 Propulsion Burnouts 1 | . . . . 1 Robots Hopped . | . . . . . Potential Cave-ins . | . . . . . Cave-ins Triggered . | . . . . . Exploration Rate (%) 33 | 30 36 48 14 41 Regions Visited 4 Branch Regions . Pre-discovered Areas . | . . . . . Known Exits Taken 1 | . . . 1 . Unknown Exits Taken 3 | 1 1 1 . . Scrap Searched . | . . . . . Spaces Dug 6 | . 6 . . . Terrain Destroyed 42 | . 7 35 . . Melee . | . . . . . Projectile 7 | . 7 . . . AOE 35 | . . 35 . . Terrain Rammed . | . . . . . Walls Destroyed . | . . . . . Machines Disabled . | . . . . . Actions | -11 -10 -9 -8 -8 --------- Run | Yrd Mat Mat Mat Gar Total 2972 | 1138 358 623 319 534 Wait 280 | 259 10 3 2 6 Move 2129 | 847 259 441 209 373 Hop . | . . . . . Pick Up 95 | 10 9 29 22 25 Fast Attach . | . . . . . Attach 53 | 7 . 16 15 15 Detach 7 | . . 3 1 3 Swap 65 | 4 10 24 8 19 Drop 49 | 1 6 15 11 16 Fire 197 | 9 52 89 47 . Melee 40 | . 4 . 4 32 Ram . | . . . . . Kick 2 | . . 2 . . Crush 10 | 1 8 1 . . Escape Stasis 45 | . . . . 45 Rewire . | . . . . . Trap . | . . . . . Miscellaneous . | . . . . . Route ------- -11/Scrapyard -10/Materials -9/Materials (discovered 3 exits: *Mat x2 / [*Min]) -8/Materials -8/Garrison (discovered 1 exit: [*Fac]) History --------- Turn | Location | Event 4 | -11/Scrapyard | Discovered new exit (range 16) 1650 | -11/Scrapyard | Entered Materials 1651 | -10/Materials | Build established: Mutant 2194 | -10/Materials | Discovered new exit (range 15) 2221 | -10/Materials | Entered another Materials area 2221 | -9/Materials | Evolved 2 slots: Utility x2 2606 | -9/Materials | Lost 3 parts (1p1n1w) 2619 | -9/Materials | Discovered new exit (range 16) 2790 | -9/Materials | Discovered new exit (range 16) 3067 | -9/Materials | Core integrity fell below 50% 3106 | -9/Materials | Discovered new exit (range 5) 3121 | -9/Materials | Entered another Materials area 3121 | -8/Materials | Evolved 2 slots: Propulsion x1, Utility x1 3354 | -8/Materials | Destroyed 7 combat bots 3438 | -8/Materials | Identified exit to Garrison 3467 | -8/Materials | Garrison activated, responded to threat 3644 | -8/Materials | Entered Garrison 3670 | -8/Garrison | Triggered checkpoint 3766 | -8/Garrison | Core integrity fell below 50% 3909 | -8/Garrison | Spotted B-75 Beast 3909 | -8/Garrison | Spotted B-75 Beast 3951 | -8/Garrison | Discovered new exit (range 10) 4014 | -8/Garrison | Triggered checkpoint 4026 | -8/Garrison | Triggered checkpoint 4075 | -8/Garrison | Core integrity fell below 20% 4090 | -8/Garrison | Lost 10 parts (1p6n2u1w) 4098 | -8/Garrison | Destroyed by B-75 Beast with Magnetic Acceleration Cannon Last Messages --------------- Critical hit (Burn: +37). Beams of light sweep through the air. An alarm sounds. S-10 Pest destroyed. Katana destroyed. Acquired Flight Unit. Flight Unit destroyed. Destroyed Flight Unit. S-10 Pest destroyed. Flight Unit destroyed. Acquired Flight Unit. Destroyed Flight Unit. S-10 Pest destroyed. Acquired 11 matter. Flight Unit destroyed. S-10 Pest Lgt. Assault Rifle severed. Y-45 Defender destroyed. Acquired Lgt. Treads. Acquired Lgt. Armor Plating. Katana destroyed. Map ----- +----------------------------------------------------+ | ???????????????????????????????# #???????# ### | | ???????????????????????????????# #???????# #?? | | ???????????????????????????????# #???????# #?? | | ???????????????????????######### #########! #?? | | ???????????????? #?? | | ???????????????? #?? | | ???????????????????## #####"""## ######### #?? | | ???????????????????????????????# #???????# #?? | | ???????????????????????????????# #???????# #?? | | ???????????????????????????????# #???????# #?? | | ???????????????????????????????# #???????# #?? | | ???????????????????????????????# #???????# #?? | | ??????????????????????????????#T ######### ##" | | ???????????????????????????????# ! | | ???????????????????????????????# | | ????????????????????????????? | | ??????????????????????????????############# ## | | ????????????????????????????????????????### ## | | ????????????????????????????????????????# | | ????????????????????????????????????????# [ | | ????????????????????????????????????????# =%= | | ???????????????#######??????????????????#=%[ | | ???????????????#"""""#??????????????????### ## | | ??????????????### ######????????????????# ## | | ??????????????# %#????????????????# | | ??????????????# @#????????????????# | | ??????????????#########BB#????????????????# | | ??????????????????????#BB#????????????????## ## | | ??????????????????????# Y#?????????????????# #? | | ??????????????????????#BB###???????????????# #?? | | ??????????????????????#BB*%#???????????????# #?? | | ??????????????????????# #???????????????# #?? | | ??????????????????????#* %*#???????????????# #?? | | ??????????????????????#%[###???????????????# #?? | | ??????????????????????# *################### #?? | | ??????????????????????# #?? | | ??????????????????????# #?? | | ??????????????????????# ######################?? | | ??????????????????????# #??????????????????????? | | ??????????????????????# #??????????????????????? | | ??????????????????????# #??????????????????????? | | ??????????????????????# #??????????????????????? | | ??????????????????????# #??????????????????????? | | ??????????????????????# #??????????????????????? | | ??????????????????????# #??????????????????????? | | ??????????????????????# #??????????????????????? | | ??????????????????????# ???????????????????????? | | ??????????????????????# ???????????????????????? | | ??????????????????????? ???????????????????????? | | ??????????????????????? ???????????????????????? | +----------------------------------------------------+ Best States ------------- Heat Dissipation 53 Energy Generation 14 Energy Capacity 275 Matter Stores 450 Matter Capacity 450 Sight Range 16 Terrain Scan Range 16 Terrain Scan Density 10 Additional Mass Support 6 Core Shielding 30 Propulsion Shielding 66 Evasion (%) 73 Melee Accuracy 16 Recoil Reduction 3 Salvage Targeting 2 Item Schematics ----------------- Autogun | -9/Materials | Scanalyzed Robot Schematics ------------------ None Fabricated ------------ Nothing Repaired ---------- Nothing Studied --------- None Alien Tech Used ----------------- None Achievements -------------- Can't Catch Me Fitting Room Junior Dev Let Me Out Of Here Organ Harvest That Tickles There's More Where That Came From Challenges ------------ None Game ------ Seed DoorMomentumBox Manual? 0 Play Time 01:23:49 Cumulative 4.9 hours Start 2026.02.16 @ 23:32:01 End 2026.02.17 @ 01:25:17 Sessions 2 Manual Loads 0 Difficulty Rogue Special Mode None Game No. 8 Rogue 4 Adventurer 0 Explorer 4 Win Type - Total 0 Types 0/0/0/0/0/0/0/0/0/0 Lore% 3 Gallery% 10 Achievement% 9 Wizard Run 0 Options --------- Layout 1 ASCII 0 Keyboard 0 Movement Mouse Keybinds 0 Fullscreen 1 Font 24/Smallcaps Map View 50x35 Zoom Use 0% Tactical HUD 0 Map Filters NONE Filters NONE Steam 1 RUN: f4de0926-8b83-4586-a770-6a8f4a937d5b